 Dungeon Crawl Stone Soup version 0.28-a0-957-g42eb19b844 (console) character file.

Game seed: 648182038729323962

459111 jejorda2 the Slayer (level 23, -6/333 (343) HPs)
             Began as a Pale Draconian Berserker on Nov 30, 2021.
             Was the Champion of Trog.
             Killed from afar by a shadow dragon (18 damage)
             ... with a bolt of negative energy
             ... on level 5 of the Vaults.
             The game lasted 03:58:26 (64029 turns).

jejorda2 the Slayer (Pale Draconian Berserker)     Turns: 64029, Time: 03:58:27

HP:   -6/333 (343)  AC: 27    Str: 16    XL:     23   Next: 4%
MP:   0/20          EV: 28    Int:  8    God:    Trog [******]
Gold: 2402          SH: 16    Dex: 22    Spells: 22/22 levels left

rFire   + . .      SeeInvis +   b - +5 eveningstar (vorpal)
rCold   + . .      Faith    .   m - +0 kite shield {rC+}
rNeg    + . .      Spirit   +   (armour unavailable)
rPois   +          Reflect  .   F - +2 hat {Stlth+}
rElec   +          Harm     .   o - +2 cloak of the Thief {*Fog Slay-2 SInv Stlth+}
rCorr   +          Rampage  +   D - +3 pair of gauntlets of War {Slay+5}
Will    +....                   S - +2 pair of boots {rampage}
Stlth   ..........              f - amulet "Zent" {Spirit rElec Str-5 Dex+3 Slay+3}
HPRegen 0.65/turn               s - ring "Sycyhairch" {Fly rPois AC+4 Int-3}
MPRegen 0.17/turn               K - ring "Jirrulytz" {rF+ rN+ rCorr}

@: berserking (expiring), flying, studying Long Blades, lightly drained, very
quick
A: breathe steam, AC +11, unfitting armour, cold-blooded, steam resistance,
clever 1, low mp 1, mutation resistance 1, sense surroundings 1
}: 3/15 runes: barnacled, slimy, gossamer
a: Breathe Steam, Renounce Religion, Berserk, Trog's Hand, Brothers in Arms


You were on level 5 of the Vaults.
You worshipped Trog.
Trog was exalted by your worship.
You visited 8 branches of the dungeon, and saw 44 of its levels.
You visited the Abyss 2 times.
You also visited: Trove, Gauntlet and Ice Cave.

You collected 5562 gold pieces.
You spent 3160 gold pieces at shops.

Inventory:

Hand Weapons
 a - a +1 vorpal fustibalus
 b - a +5 vorpal eveningstar (weapon)
 w - a +6 antimagic morningstar
Missiles
 i - 3 datura-tipped darts
 j - 30 boomerangs (quivered)
 k - 18 javelins
 n - 529 sling bullets
 u - 8 throwing nets
 y - 1420 stones
 E - 5 curare-tipped darts
 T - 17 silver javelins
 Z - 14 boomerangs of dispersal
Armour
 m - a +0 kite shield of cold resistance (worn)
 o - the +2 cloak of the Thief (worn) {*Fog Slay-2 SInv Stlth+}
   (You found it on level 3 of the Elven Halls)

   It may release a thick cloud of smoke when the wearer is hurt.
   Slay:      It affects your accuracy & damage with ranged weapons and melee
   (-2).
   SInv:      It lets you see invisible.
   Stlth:     It makes you more stealthy.
 D - the +3 pair of gauntlets of War (worn) {Slay+5}
   (You bought it in a shop on level 2 of the Orcish Mines)

   Slay:      It affects your accuracy & damage with ranged weapons and melee
   (+5).
 F - a +2 hat of stealth (worn)
 S - a +2 pair of boots of rampaging (worn)
Jewellery
 d - a ring of poison resistance
 f - the amulet "Zent" (around neck) {Spirit rElec Str-5 Dex+3 Slay+3}
   (You found it in a Gauntlet)

   [amulet of guardian spirit]

   It causes incoming damage to be divided between your reserves of health and
   magic.
   Str:       It affects your strength (-5).
   Dex:       It affects your dexterity (+3).
   Slay:      It affects your accuracy & damage with ranged weapons and melee
   (+3).
   rElec:     It insulates you from electricity.
 s - the ring "Sycyhairch" (left hand) {Fly rPois AC+4 Int-3}
   (You bought it in a shop on level 3 of the Shoals)

   [ring of protection]

   AC:        It affects your AC (+4).
   Int:       It affects your intelligence (-3).
   rPois:     It protects you from poison.
   Fly:       It grants you flight.
 K - the ring "Jirrulytz" (right hand) {rF+ rN+ rCorr}
   (You found it on level 5 of the Pits of Slime)

   [ring of resist corrosion]

   rF:        It protects you from fire.
   rN:        It protects you from negative energy.
   rCorr:     It protects you from acid and corrosion.
Wands
 q - a wand of paralysis (28)
 z - a wand of iceblast (77)
 C - a wand of digging (18)
 G - a wand of mindburst (16)
 R - a wand of charming (22)
 U - a wand of acid (24)
 V - a wand of flame (120)
 W - a wand of polymorph (53)
Scrolls
 e - 18 scrolls of teleportation
 r - 4 scrolls of holy word
 x - a scroll of blinking
 A - 6 scrolls of fog
 I - 2 scrolls of silence
 J - 2 scrolls of fear
 L - a scroll of magic mapping
 Y - 2 scrolls of summoning
Potions
 c - a potion of resistance
 g - 4 potions of might
 h - 11 potions of curing
 p - 2 potions of heal wounds
 t - a potion of haste
 B - 4 potions of mutation
 H - 4 potions of invisibility
 O - 3 potions of cancellation
 X - 2 potions of ambrosia
Miscellaneous
 l - a tin of tremorstones (1/2)
 v - a phial of floods
 P - a lightning rod (4/4)
 Q - a condenser vane


   Skills:
 + Level 24.2 Fighting
 - Level 16.0 Maces & Flails
 - Level 10.6(14.0) Slings
 - Level 14.6(16.0) Throwing
 + Level 18.9 Dodging
 - Level 5.0 Stealth
 + Level 18.6 Shields
 - Level 14.0 Evocations


You had 22 spell levels left.
You didn't know any spells.
Your spell library was empty.

Dungeon Overview and Level Annotations

Branches:
Dungeon (15/15)            Temple (0/1) D:7            Lair (6/6) D:11
 Shoals (4/4) Lair:2       Spider (4/4) Lair:4        Slime (5/5) Lair:5
    Orc (2/2) D:9             Elf (3/3) Orc:2        Vaults (5/5) D:13
  Crypt (0/3) Vaults:2     Depths (0/4) D:15          IceCv (visited)
Gauntlet (visited)

Altars:
Ashenzari
Makhleb
Qazlal
Ru
Sif Muna
Vehumet
Xom
Yredelemnul
Zin
Beogh
Jiyva
Lugonu

Shops:
D:1 *   D:2 ?   D:8 *   D:10 (   D:15 (   Orc:2 ?[*=   Elf:3 *((!   Shoals:1 =
Shoals:3 =   Shoals:4 *   Vaults:2 !   Vaults:5 =

Portals:
Abyss: Shoals:3
Pandemonium: Orc:2

Annotations:
D:14 exclusion: ice statue
Spider:1 1 runed translucent door, Bravis's ghost, journeyman GnWn
Elf:3 1 runed translucent door, freelancePsychic's ghost, adept DjTm


Innate Abilities, Weirdness & Mutations

You can breathe blasts of scalding, opaque steam.
Your pale cyan-grey scales are hard. (AC +11)
You cannot fit into any form of body armour.
You are cold-blooded and may be slowed by cold attacks.
You are immune to the effects of steam.
Your mind is acute. (Int +2)
Your magical capacity is low. (-10% MP)
You are somewhat resistant to further mutation.
You passively map a small area around you.


Message History

You kill the shadow dragon!
Trog accepts your kill.
You are covered in liquid flames!
* * * LOW HITPOINT WARNING * * *
You are no longer on fire.
There's nothing to close nearby.
The yaktaur shoots a bolt.
You block the bolt.
You rampage towards the stone giant!
You bludgeon the stone giant!! You tail-slap the stone giant!
The stone giant is severely wounded.
You hit the stone giant but do no damage.
You tail-slap the stone giant!
The stone giant is almost dead.
You block the stone giant's attack.
You bludgeon the stone giant!!
You feel the power of Trog in you as your rage grows.
You kill the stone giant!
Trog accepts your kill.
A shadow dragon comes into view.
You sock the shadow dragon!
Your tail-slap misses the shadow dragon.
The shadow dragon is lightly wounded.
The shadow dragon breathes negative energy at you.
The bolt of negative energy misses you.
You barely miss the shadow dragon. You tail-slap the shadow dragon.
The shadow dragon is lightly wounded.
You bludgeon the shadow dragon!! You tail-slap the shadow dragon!
The shadow dragon is moderately wounded.
The deep elf annihilator gestures wildly while chanting.
The deep elf annihilator blinks!
The shadow dragon bites you.
* * * LOW HITPOINT WARNING * * *
The shadow dragon barely misses you.
The shadow dragon claws you but does no damage.
You puncture the shadow dragon!
The shadow dragon is heavily wounded.
You barely miss the shadow dragon.
The shadow dragon is heavily wounded.
The shadow dragon breathes negative energy at you.
The bolt of negative energy hits you!! You partially resist.
You feel drained.
You die...

...)#######################...(..
.......####.....##### ##.......
..#...).............#####...#....
..#.....§..................##....
..##...)).....☼.).).......###....
..##...........c).C.W....## #p...
..##.........○○§).c..)...## #....
..##.(......###D###..))...###....
..##.....(.###☼)@###.......##....
..#......(###§§§..###...)..##.)..
..#......(##.......##......##....
..#.......##...∩..}##.......#....
..##......##.......##.......#....
..##.....(###.....###.......#...(
..##.....((#########.......##...(
..###.......#######........##....
(.# ##......)..............##..p.


You could see a shadow dragon (catching breath) and a yaktaur.

Vanquished Creatures
  A dread lich (Vaults:5)
  2 golden dragons
  Arachne (Spider:2)
  A bone dragon (Abyss:3)
  A tentacled monstrosity (Vaults:5)
  Jorgrun (Lair:4)
  2 deep elf blademasters (Elf:3)
  Rupert (Spider:1)
  2 titans (Vaults:5)
  Polyphemus (Shoals:4)
  14 acid blobs
  2 deep elf master archers (Elf:3)
  A tentacled starspawn (Abyss:3)
  3 sphinxes
  A kraken (Shoals:4)
  An Executioner (Abyss:3)
  Gastronok (D:8)
  A tengu reaver (Vaults:5)
  Roxanne (D:14)
  3 fire giants (Vaults:5)
  Donald (Spider:1)
  2 storm dragons (Vaults:5)
  3 shadow dragons
  5 azure jellies
  A revenant (Vaults:2)
  3 rockslimes
  Louise (Spider:3)
  15 vault wardens
  7 deep elf sorcerers
  Aizul (Shoals:2)
  5 deep elf elementalists (Elf:3)
  3 orc warlords
  5 ghost moths
  6 emperor scorpions (Spider:4)
  A curse skull (Vaults:2)
  A draconian shifter (Abyss:3)
  9 very ugly things
  6 war gargoyles
  2 quicksilver oozes
  2 ghouls
  11 ironbound preservers
  5 stone giants (Vaults:5)
  Nessos (D:14)
  An entropy weaver (Vaults:1)
  3 deep elf demonologists (Elf:3)
  A minotaur (Gauntlet)
  13 dire elephants
  2 spark wasps (Spider:4)
  Snorg (D:10)
  9 deep elf annihilators (Elf:3)
  A crystal guardian (Vaults:2)
  6 deep elf death magi
  7 merfolk javelineers
  4 deep elf high priests
  Josephine (D:10)
  5 ettins
  6 ironbound thunderhulks
  5 merfolk impalers
  Fannar (Lair:1)
  9 yaktaur captains
  The ghost of HuGe the Protected, a journeyman MiBe of Trog (Lair:1)
  7 great orbs of eyes
  10 hydras
  6 ice dragons
  A merfolk avatar (Shoals:4)
  3 peacekeepers
  5 boulder beetles
  A demonspawn (Orc:2)
  2 ogre magi (Vaults:5)
  6 centaur warriors
  6 ironbound frosthearts
  30 vault guards
  3 catoblepae
  10 merfolk aquamancers
  The ghost of jejorda2 the Thrower, a journeyman GrBe of Trog (D:11)
  3 two-headed ogres
  5 alligator snapping turtles
  A tengu warrior (D:15)
  3 death knights
  12 death yaks
  7 satyrs
  35 dancing weapons
  A deep troll earth mage (Vaults:2)
  4 thrashing horrors (Abyss:3)
  7 orc high priests
  Urug (D:12)
  A fire crab (Lair:6)
  A hell knight (Vaults:1)
  17 deep elf knights
  A wretched star (Abyss:3)
  4 skeletal warriors (D:15)
  A shadow wraith (Vaults:5)
  A flayed ghost (Vaults:4)
  6 sea snakes
  3 spatial maelstroms (Abyss:3)
  21 deep trolls
  14 deep elf archers
  14 wizards
  4 glowing orange brains
  An orange crystal statue (IceCv)
  10 lindwurms
  18 ironbound convokers
  36 deep elf pyromancers
  22 harpies
  4 phantasmal warriors
  24 deep elf zephyrmancers
  6 necromancers
  13 orc knights
  12 wolf spiders
  3 human zombies
  43 ugly things
  A cyclops (shapeshifter) (Elf:2)
  9 orc sorcerers
  26 fauns
  A frost giant zombie (Vaults:2)
  6 shining eyes
  15 orb spiders
  7 manticores
  9 merfolk sirens
  2 human skeletons (Vaults:4)
  10 cyclopes
  6 elephants
  2 moths of wrath
  4 black mambas
  Joseph (D:8)
  3 apocalypse crabs (Abyss:3)
  2 molten gargoyles (Gauntlet)
  2 smoke demons
  4 torpor snails
  2 eyes of devastation
  6 water nymphs
  A gargoyle (D:13)
  23 vault sentinels
  7 cane toads
  A yaktaur zombie (Vaults:4)
  2 centaur skeletons (D:15)
  6 storm dragon simulacra (IceCv)
  2 elf skeletons
  3 rime drakes
  2 kobold demonologists
  28 yaktaurs
  4 freezing wraiths
  11 demonic crawlers
  17 komodo dragons
  3 hellwings (Orc:2)
  A tengu conjurer (D:15)
  4 golden dragon simulacra (IceCv)
  A red devil (Gauntlet)
  An ancient zyme (Abyss:3)
  5 polar bears
  5 trolls
  A wolf spider simulacrum (D:15)
  26 merfolk
  2 wind drakes
  30 jumping spiders
  8 hornets
  23 blink frogs
  A raiju (Abyss:3)
  8 dream sheep
  88 slime creatures
  An ettin zombie (Vaults:1)
  7 snapping turtles
  2 flying skulls
  3 air elementals
  73 redbacks
  A ynoxinul (Abyss:3)
  11 water elementals
  2 vampires (D:13)
  6 wraiths
  10 spriggans (Lair:6)
  12 wyverns
  30 tarantellas
  5 fire elementals
  7 golden eyes
  30 yaks
  9 vampire mosquitoes
  A neqoxec (Abyss:3)
  A steam dragon (D:9)
  9 basilisks
  3 wargs
  7 spatial vortices (Abyss:3)
  2 yaktaur simulacra (Vaults:2)
  8 water moccasins
  An acid dragon (D:12)
  2 small abominations (Abyss:3)
  4 large abominations (Elf:3)
  4 hell hounds (Abyss:3)
  44 orc warriors
  2 sky beasts (D:6)
  A floating eye (Slime:2)
  6 black bears
  6 ice beasts
  2 necrophages
  An ettin simulacrum (Vaults:4)
  7 ice dragon simulacra (IceCv)
  5 boggarts (Lair:6)
  26 wolves
  7 ogres
  7 centaurs
  2 phantoms
  4 elf zombies (Elf:3)
  18 kobold brigands
  Blork the orc (D:5)
  8 bullfrogs
  An earth elemental (Elf:2)
  A gnoll sergeant (D:8)
  A scorpion (D:6)
  9 killer bees
  2 water moccasin skeletons
  2 human simulacra
  4 lindwurm simulacra (IceCv)
  4 wights (D:8)
  6 howler monkeys
  6 centaur zombies
  5 electric eels
  3 crimson imps (Gauntlet)
  8 starcursed masses (Abyss:3)
  8 jellies
  2 gnoll shamans
  31 orc priests
  An iron imp (Abyss:3)
  20 orc wizards
  12 iguanas
  8 hell rats
  2 polar bear simulacra (Lair:5)
  2 yak simulacra (Lair:5)
  4 wolf simulacra (Lair:5)
  A killer bee zombie (D:8)
  A hound skeleton (D:5)
  A howler monkey zombie (D:8)
  6 adders
  20 gnolls
  2 river rats (D:11)
  A shadow imp (D:7)
  5 white imps
  An ufetubus (D:6)
  An adder skeleton (D:5)
  5 dart slugs
  56 orcs
  6 ball pythons
  4 bats (D:2)
  6 endoplasms
  A giant cockroach (D:2)
  7 hobgoblins
  2 jackals (D:4)
  4 quokkas
  3 frilled lizards
  9 goblins
  18 kobolds
  9 rats
  3 river rat simulacra (Lair:5)
  A butterfly (Lair:6)
  2 lurking horrors (Shoals:3)
  2 tentacles (Shoals:4)
1812 creatures vanquished.

Vanquished Creatures (collateral kills)
  the Royal Jelly (Slime:5)
  A tentacled monstrosity (Vaults:5)
  A titan (Vaults:5)
  A sphinx (Vaults:5)
  A storm dragon (Vaults:5)
  Ilsuiw (Shoals:2)
  2 rockslimes (Slime:5)
  An azure jelly (Slime:5)
  An emperor scorpion (Spider:4)
  A quicksilver ooze (Slime:5)
  An ironbound preserver (Vaults:5)
  3 merfolk impalers
  A great orb of eyes (Vaults:3)
  A yaktaur captain (Vaults:3)
  3 hydras
  A death yak (Lair:4)
  A death scarab (Gauntlet)
  An orc high priest (Vaults:3)
  A thrashing horror (Abyss:3)
  2 ironbound convokers (Vaults:3)
  2 orc knights (Vaults:3)
  A phantasmal warrior (Abyss:3)
  A slime creature (Slime:5)
  2 merfolk sirens (Shoals:4)
  An elephant (Lair:4)
  2 vault sentinels (Vaults:3)
  A torpor snail (Lair:1)
  An unseen horror (Abyss:3)
  A gargoyle (Gauntlet)
  3 cane toads
  A freezing wraith (Abyss:3)
  A yaktaur (Vaults:3)
  2 blink frogs (Lair:3)
  A tarantella (Spider:4)
  3 water elementals
  3 wyverns (Lair:5)
  2 basilisks
  A spectral komodo dragon (Gauntlet)
  2 hell hounds (Abyss:3)
  A water moccasin (Lair:1)
  A black bear (Lair:1)
  3 orc warriors (Vaults:3)
  2 hell rats (Lair:5)
  2 orcs (Vaults:5)
66 creatures vanquished.

Vanquished Creatures (others)
  A deep elf knight (Elf:1)
  A water nymph (Shoals:2)
  A jumping spider (Spider:3)
  A bush (Lair:2)
  18 fungi
  290 plants
  2 starspawn tentacles (Abyss:3)
  3 tentacles (Shoals:4)
317 creatures vanquished.

Grand Total: 2195 creatures vanquished

Notes
Turn   | Place    | Note
-------+----------+-------------------------------------------
     0 | D:1      | jejorda2 the Draconian Berserker began the quest for the
                  | Orb.
     0 | D:1      | Reached XP level 1. HP: 19/19 MP: 1/1
    17 | D:1      | Found a faded altar of an unknown god.
   158 | D:1      | Found Unop's Assorted Antiques.
   393 | D:1      | Reached XP level 2. HP: 26/26 MP: 2/2
   954 | D:2      | Found Torycs's Magic Scroll Boutique.
   960 | D:2      | Bought a scroll of teleportation for 36 gold pieces
  1086 | D:2      | Reached XP level 3. HP: 11/33 MP: 3/3
  2026 | D:2      | Noticed a necrophage
  2036 | D:2      | Killed a necrophage
  2037 | D:2      | Reached skill level 4 in Fighting
  2037 | D:2      | Reached XP level 4. HP: 40/40 MP: 4/4
  2037 | D:2      | Reached XP level 5. HP: 46/46 MP: 5/5
  2522 | D:3      | Reached skill level 5 in Maces & Flails
  2685 | D:3      | Reached ** piety under Trog
  2688 | D:3      | Reached XP level 6. HP: 40/53 MP: 6/6
  2916 | D:3      | Identified a scroll of acquirement
  2916 | D:3      | Acquired the ring of Doucs {rElec Will+ rCorr Str+8 Stlth-}
  2993 | D:1      | Bought a sapphire potion for 25 gold pieces
  2993 | D:1      | Bought a scroll labelled IDGHYRA VYSMIU for 28 gold pieces
  3426 | D:4      | Reached skill level 5 in Fighting
  3427 | D:4      | Your scales start taking on a pale cyan-grey colour.
  3427 | D:4      | Reached XP level 7. HP: 61/61 MP: 7/7
  3427 | D:4      | Gained mutation: You are immune to the effects of steam.
                  | [Pale Draconian growth]
  3756 | D:4      | Found a glowing silver altar of Zin.
  3910 | D:4      | Noticed a hornet
  3919 | D:4      | Killed a hornet
  4214 | D:5      | Entered Level 5 of the Dungeon
  4229 | D:5      | Reached skill level 6 in Fighting
  4229 | D:5      | Reached skill level 5 in Dodging
  4306 | D:5      | Reached XP level 8. HP: 70/70 MP: 8/8
  4362 | D:5      | Found a broken altar of Ashenzari.
  4608 | D:5      | Noticed Blork the orc
  4612 | D:5      | Killed Blork the orc
  4612 | D:5      | Reached *** piety under Trog
  5209 | D:1      | Bought 2 fuming pink potions for 50 gold pieces
  5437 | D:6      | Reached XP level 9. HP: 75/75 MP: 9/9
  5470 | D:6      | Reached skill level 10 in Maces & Flails
  6059 | D:7      | Found a radiant altar of Vehumet.
  6456 | D:7      | Identified the +8 trident "Killer Bee's Bane" {vorpal,
                  | Int+5 Stlth+}
  6667 | D:7      | Found a staircase to the Ecumenical Temple.
  6722 | D:7      | Reached **** piety under Trog
  6958 | D:8      | Found a stormy altar of Qazlal.
  7139 | D:8      | Noticed a cyclops
  7146 | D:8      | Killed a cyclops
  7303 | D:8      | Noticed Joseph
  7314 | D:8      | Killed Joseph
  7439 | D:8      | Found Digg's Assorted Antiques.
  7466 | D:8      | Bought a kite shield for 139 gold pieces
  7494 | D:8      | Reached XP level 10. HP: 71/83 MP: 10/10
  7690 | D:8      | Reached skill level 1 in Shields
  7915 | D:8      | Reached ***** piety under Trog
  8286 | D:8      | Noticed Gastronok
  8305 | D:8      | Killed Gastronok
  8382 | D:8      | Found a basalt altar of Yredelemnul.
  8548 | D:9      | Reached skill level 1 in Throwing
  8548 | D:9      | Reached skill level 5 in Shields
  8725 | D:9      | Noticed a two-headed ogre
  8730 | D:9      | Killed a two-headed ogre
  8763 | D:9      | Reached XP level 11. HP: 89/89 MP: 11/11
  8973 | D:9      | Found a staircase to the Orcish Mines.
  9659 | D:10     | Entered Level 10 of the Dungeon
  9676 | D:10     | Found Buodwum's Weapon Shop.
  9888 | D:10     | Noticed Josephine
  9898 | D:10     | Killed Josephine
  9910 | D:10     | Received a gift from Trog
 10293 | D:10     | Noticed Snorg
 10304 | D:10     | Killed Snorg
 10374 | D:10     | Found a shimmering blue altar of Sif Muna.
 10424 | D:10     | Noticed a vault guard
 10433 | D:10     | Killed a vault guard
 10448 | D:10     | Found a portal to a secret trove of treasure.
 10716 | D:11     | Noticed a death yak
 10742 | D:11     | Noticed a death yak
 10743 | D:11     | Killed a death yak
 10743 | D:11     | Noticed a death yak
 10748 | D:11     | Killed a death yak
 10753 | D:11     | Killed a death yak
 10806 | D:11     | Found a staircase to the Lair.
 10916 | D:11     | Reached skill level 15 in Maces & Flails
 11037 | D:11     | Noticed an eight-headed hydra
 11043 | D:11     | HP: 4/133 [eight-headed hydra (3)]
 11045 | D:11     | Killed an eight-headed hydra
 11243 | D:11     | Reached XP level 12. HP: 68/96 MP: 12/12
 11332 | D:11     | Found a runed translucent door.
 11334 | D:11     | Noticed jejorda2's ghost (journeyman GrBe)
 11349 | D:11     | Killed jejorda2's ghost
 11734 | Lair:1   | Entered Level 1 of the Lair of Beasts
 11963 | Lair:1   | Noticed HuGe's ghost (journeyman MiBe)
 11967 | Lair:1   | Found a runed translucent gate.
 11967 | Lair:1   | Found a runed translucent gate.
 12216 | Lair:1   | Noticed Fannar
 12230 | Lair:1   | Killed Fannar
 12287 | Lair:1   | Found a runed translucent gate.
 12315 | Lair:1   | Reached skill level 10 in Shields
 12470 | Lair:1   | Killed HuGe's ghost
 13377 | Lair:2   | Noticed an eight-headed hydra
 13388 | Lair:2   | Killed an eight-headed hydra
 13550 | Lair:2   | Noticed a catoblepas
 13570 | Lair:2   | Killed a catoblepas
 13651 | Lair:2   | Found a staircase to the Shoals.
 13657 | Lair:2   | Reached XP level 13. HP: 93/102 MP: 13/13
 13962 | Lair:3   | Identified the ring "Pinaaq" {Wiz *Slow Will++ Str-2 Dex+8}
 14104 | Lair:3   | Found a sacrificial altar of Ru.
 14476 | D:10     | You paid a toll of 2 scrolls of acquirement to enter a
                  | treasure trove
 14477 | Trove    | Entered a treasure trove
 15011 | Lair:3   | Reached skill level 1 in Evocations
 15169 | Lair:4   | Reached skill level 5 in Evocations
 15205 | Lair:4   | Found a gate leading to a gauntlet.
 15224 | Gauntlet | Entered a Gauntlet
 15224 | Gauntlet | Found a transporter.
 15224 | Gauntlet | Found a transporter.
 15224 | Gauntlet | Found a transporter.
 15237 | Gauntlet | Found a transporter.
 15237 | Gauntlet | Found a transporter.
 15248 | Gauntlet | Found a transporter.
 15248 | Gauntlet | Found a transporter.
 15256 | Gauntlet | Found a transporter.
 15271 | Gauntlet | Found a transporter.
 15293 | Gauntlet | Found a transporter.
 15294 | Gauntlet | Found a transporter.
 15304 | Gauntlet | Found a transporter.
 15417 | Gauntlet | Identified the amulet "Zent" {Spirit rElec Str-5 Dex+3
                  | Slay+3}
 15488 | Gauntlet | Identified the -5 pair of boots of the Swamp {Harm}
 15705 | Gauntlet | Identified the +5 glaive of Fixo {drain, Int+4}
 15705 | Gauntlet | Noticed a minotaur
 15822 | Gauntlet | Killed a minotaur
 16346 | Lair:4   | Reached skill level 1 in Slings
 16559 | Lair:4   | Found a hole to the Spider Nest.
 16847 | Lair:5   | Reached skill level 15 in Shields
 16990 | Lair:5   | Reached skill level 5 in Throwing
 16995 | Lair:5   | Reached XP level 14. HP: 110/110 MP: 14/14
 17263 | Lair:5   | Found a staircase to the Slime Pits.
 17949 | Lair:5   | Reached skill level 5 in Slings
 18242 | Lair:6   | Entered Level 6 of the Lair of Beasts
 18767 | Lair:6   | Received a gift from Trog
 19487 | Lair:6   | Reached skill level 7 in Fighting
 21228 | D:12     | Noticed Urug
 21244 | D:12     | Killed Urug
 21463 | D:13     | Received a gift from Trog
 21499 | D:13     | Found a gate to the Vaults.
 21678 | D:13     | Reached XP level 15. HP: 106/121 MP: 12/15
 22495 | D:14     | Reached skill level 8 in Fighting
 22693 | D:14     | Identified Roxanne's Tome of Changing
 22693 | D:14     | Noticed Roxanne
 22761 | D:14     | Killed Roxanne
 23499 | D:14     | Noticed Nessos
 23506 | D:14     | Killed Nessos
 24263 | D:15     | Entered Level 15 of the Dungeon
 24355 | D:15     | Found Xuts's Weapon Emporium.
 24382 | D:15     | Found a frozen archway.
 24400 | IceCv    | Entered an ice cave
 24682 | IceCv    | Reached skill level 10 in Throwing
 25192 | IceCv    | Noticed a golden dragon
 25209 | IceCv    | Killed a golden dragon
 25213 | IceCv    | Reached skill level 9 in Fighting
 25309 | IceCv    | Identified the amulet "Biaha" {Reflect Str+3 SH+5 Stlth+}
 25317 | IceCv    | Identified the ring "Jeecweh" {*Corrode rElec MP+9 Int+4}
 25444 | IceCv    | Identified the +2 helmet of the Lute {-Tele MP+9 Int+4
                  | Dex+4}
 26590 | D:15     | Found a staircase to the Depths.
 26647 | D:15     | Reached ****** piety under Trog
 26938 | Orc:1    | Entered Level 1 of the Orcish Mines
 27066 | Orc:2    | Entered Level 2 of the Orcish Mines
 27076 | Orc:1    | Received a gift from Trog
 27178 | Orc:1    | Found a burning altar of Makhleb.
 27230 | Orc:2    | Found a staircase to the Elven Halls.
 27920 | Orc:2    | Noticed an orc warlord
 27935 | Orc:2    | Killed an orc warlord
 27936 | Orc:2    | Reached XP level 16. HP: 104/132 MP: 11/16
 28554 | Orc:2    | Found Caeggoteg's Magic Scroll Shoppe.
 28556 | Orc:2    | Found Notsapir's General Store.
 28973 | Orc:2    | Identified the +9 mace of Gyvoh {flame, Dex+2} (Trog gifted
                  | it to you on level 2 of the Orcish Mines)
 28973 | Orc:2    | Received a gift from Trog
 28974 | Orc:2    | Reached skill level 10 in Fighting
 29197 | Orc:2    | Found Isistu's Jewellery Shop.
 29197 | Orc:2    | Found Fexirawo's Antique Armour Boutique.
 29198 | Orc:2    | Found a one-way gate leading to the halls of Pandemonium.
 29234 | Orc:2    | Bought a pair of glowing gloves for 142 gold pieces
 29234 | Orc:2    | Bought the +3 pair of gauntlets of War {Slay+5} for 902
                  | gold pieces
 29234 | Orc:2    | Found the +3 pair of gauntlets of War {Slay+5}
 29234 | Orc:2    | Bought a scorched hat for 171 gold pieces
 29234 | Orc:2    | Identified the +0 hat "Tahecaca" {rF- Regen+ rCorr Slay+6}
                  | (You bought it in a shop on level 2 of the Orcish Mines)
 29278 | Orc:2    | Bought a scroll of acquirement for 832 gold pieces
 29279 | Orc:2    | Acquired a manual of Fighting
 29563 | Elf:1    | Entered Level 1 of the Elven Halls
 30040 | Shoals:1 | Entered Level 1 of the Shoals
 30783 | Shoals:1 | Found Siggej's Jewellery Boutique.
 31392 | Orc:2    | Bought a +0 pair of boots of flying for 149 gold pieces
 31813 | Shoals:2 | Reached skill level 11 in Fighting
 32135 | Shoals:2 | Noticed Ilsuiw
 32147 | Shoals:2 | Identified the +11 spear of Objectivity {antimagic, Fly
                  | rElec Str+2} (Trog gifted it to you on level 2 of the
                  | Shoals)
 32147 | Shoals:2 | Received a gift from Trog
 32151 | Shoals:2 | Reached skill level 1 in Stealth
 32154 | Shoals:2 | Killed Ilsuiw
 32461 | Shoals:2 | Noticed Aizul
 32475 | Shoals:2 | HP: 2/137 [poisoned by Aizul (bolt of poison)]
 32477 | Shoals:2 | Killed Aizul
 34487 | Shoals:3 | Found a corrupted altar of Lugonu.
 34489 | Shoals:3 | Found a one-way gate to the infinite horrors of the Abyss.
 35050 | Shoals:3 | Received a gift from Trog
 35475 | Shoals:3 | Reached skill level 12 in Fighting
 35565 | Shoals:3 | Reached skill level 10 in Dodging
 35565 | Shoals:3 | Reached XP level 17. HP: 146/146 MP: 17/17
 35947 | Shoals:3 | Found Lastetz's One-of-a-Kind Rings.
 36030 | Shoals:4 | Entered Level 4 of the Shoals
 36506 | Shoals:4 | Reached skill level 5 in Stealth
 37039 | Shoals:4 | Noticed Polyphemus
 37058 | Shoals:4 | Killed Polyphemus
 37334 | Shoals:4 | Reached skill level 13 in Fighting
 37401 | Shoals:4 | Identified the +10 mace of Trog's Reproof {vorpal, *Corrode
                  | rPois rF++ rN+++} (Trog gifted it to you on level 4 of the
                  | Shoals)
 37401 | Shoals:4 | Received a gift from Trog
 37420 | Shoals:4 | Got a barnacled rune of Zot
 37761 | Shoals:4 | Noticed a kraken
 37775 | Shoals:4 | Killed a kraken
 38563 | Shoals:4 | Found Ulied's Assorted Antiques.
 39025 | Spider:1 | Entered Level 1 of the Spider Nest
 39027 | Spider:1 | Noticed Jorgrun
 39497 | Lair:4   | Killed Jorgrun
 39497 | Lair:4   | Received a gift from Trog
 39727 | Spider:1 | Noticed Rupert
 39753 | Spider:1 | Killed Rupert
 39754 | Spider:1 | Reached skill level 10 in Slings
 39849 | Spider:1 | Noticed Donald
 39862 | Spider:1 | Killed Donald
 40048 | Spider:1 | Found a runed translucent door.
 40048 | Spider:1 | Found a shimmering altar of Xom.
 40048 | Spider:1 | Noticed Bravis's ghost (journeyman GnWn)
 40048 | Spider:1 | Found the +8 demon trident "Rift" {distort, reach+}
 41380 | Spider:2 | Reached XP level 18. HP: 159/159 MP: 18/18
 41384 | Spider:2 | Reached skill level 14 in Fighting
 41389 | Spider:2 | Received a gift from Trog
 41919 | Spider:3 | Noticed Arachne
 41932 | Spider:2 | Killed Arachne
 42132 | Spider:3 | Reached skill level 10 in Evocations
 42322 | Spider:3 | Noticed Louise
 42333 | Spider:3 | Killed Louise
 42812 | Spider:3 | Reached skill level 15 in Fighting
 43191 | Spider:4 | Entered Level 4 of the Spider Nest
 43201 | Spider:4 | Received a gift from Trog
 44171 | Spider:4 | Reached skill level 16 in Fighting
 44836 | Spider:4 | Got a gossamer rune of Zot
 45310 | Vaults:1 | Entered Level 1 of the Vaults
 45570 | Shoals:3 | Bought the ring "Sycyhairch" {Fly rPois AC+4 Int-3} for 602
                  | gold pieces
 46216 | Vaults:1 | Reached skill level 17 in Fighting
 46892 | Vaults:1 | Reached skill level 18 in Fighting
 47230 | Vaults:1 | Identified the +7 hand axe "Gimowkev" {vorpal, rPois} (Trog
                  | gifted it to you on level 1 of the Vaults)
 47230 | Vaults:1 | Received a gift from Trog
 47638 | Vaults:1 | Reached XP level 19. HP: 168/180 MP: 19/19
 48635 | Vaults:2 | Cast into level 3 of the Abyss (a wizard)
 48720 | Vaults:2 | Escaped the Abyss
 48767 | Vaults:2 | Found Cugifak's Distillery.
 48775 | Vaults:2 | Bought 2 potions of curing for 84 gold pieces
 48872 | Vaults:2 | Reached skill level 19 in Fighting
 49788 | Vaults:2 | Identified the +8 flail of Fyff {vorpal, Str+7 Dex-4
                  | Stlth+} (Trog gifted it to you on level 2 of the Vaults)
 49788 | Vaults:2 | Received a gift from Trog
 49814 | Vaults:2 | Reached skill level 20 in Fighting
 50766 | Vaults:2 | Received a gift from Trog
 50859 | Vaults:2 | Found a staircase to the Crypt.
 51435 | Vaults:3 | Reached XP level 20. HP: 195/195 MP: 20/20
 51853 | Vaults:3 | Cast into level 3 of the Abyss (a wizard)
 52092 | Abyss:3  | Reached skill level 21 in Fighting
 52171 | Abyss:3  | Noticed a bone dragon
 52192 | Abyss:3  | Killed a bone dragon
 52214 | Abyss:3  | Reached skill level 15 in Dodging
 52231 | Vaults:3 | Escaped the Abyss
 52611 | Vaults:3 | Received a gift from Trog
 53739 | Vaults:4 | Received a gift from Trog
 55391 | Elf:1    | Received a gift from Trog
 55843 | Elf:1    | You are sucked into a shaft and drop 1 floor!
 55996 | Elf:1    | Reached XP level 21. HP: 172/206 MP: 17/21
 56305 | Elf:1    | Identified the +10 flail of Dissatisfaction {flame, rC+
                  | Dex+4} (Trog gifted it to you on level 1 of the Elven
                  | Halls)
 56305 | Elf:1    | Received a gift from Trog
 56708 | Elf:1    | Reached skill level 22 in Fighting
 57360 | Elf:2    | Found a runed translucent gate.
 57362 | Elf:2    | Found a runed translucent gate.
 57362 | Elf:2    | Found a runed translucent gate.
 57494 | Elf:2    | Paralysed by an air elemental for 1 turns
 57498 | Elf:2    | Paralysed by an air elemental for 1 turns
 57878 | Elf:2    | Received a gift from Trog
 58632 | Elf:3    | Entered Level 3 of the Elven Halls
 58720 | Elf:3    | Found a runed translucent door.
 58722 | Elf:3    | Noticed freelancePsychic's ghost (adept DjTm)
 58790 | Elf:3    | Received a gift from Trog
 59232 | Elf:3    | Found Bejapon's Antique Weapon Shoppe.
 59281 | Elf:3    | Found Imaquolut's Antique Weapon Shoppe.
 59309 | Elf:3    | Found Taukosynk's Distillery.
 59799 | Elf:3    | Found Qeughad's General Store.
 59895 | Elf:3    | Identified the +1 robe of Lokk {Str+2 Stlth+}
 59943 | Elf:3    | Identified the +8 quarterstaff of the Blessed Realm
                  | {vorpal, rElec rN+ Stlth+}
 59947 | Elf:3    | Identified the ring "Zyma" {rPois Will- Int+10 Dex-5
                  | Slay+6}
 60144 | Elf:3    | Found the +2 cloak of the Thief {*Fog Slay-2 SInv Stlth+}
 60207 | Elf:3    | Identified the +1 plate armour of the Sky {Str+6}
 60634 | Slime:1  | Entered Level 1 of the Pits of Slime
 60699 | Slime:1  | Received a gift from Trog
 60741 | Slime:2  | Paralysed by a floating eye for 3 turns
 60747 | Slime:2  | Paralysed by a floating eye for 2 turns
 60756 | Slime:2  | Gained mutation: You do not regenerate when monsters are
                  | visible. [a shining eye]
 60757 | Slime:2  | Paralysed by a floating eye for 4 turns
 60767 | Slime:2  | Lost mutation: You do not regenerate when monsters are
                  | visible. [potion of mutation]
 60767 | Slime:2  | Gained mutation: You are agile. (Dex +2) [potion of
                  | mutation]
 60767 | Slime:2  | Gained mutation: You passively map a small area around you.
                  | [potion of mutation]
 61016 | Slime:1  | Reached skill level 23 in Fighting
 61068 | Slime:3  | Reached XP level 22. HP: 197/220 MP: 22/22
 61241 | Slime:5  | Entered Level 5 of the Pits of Slime
 61290 | Slime:5  | Gained mutation: You tend to lose your temper in combat. [a
                  | shining eye]
 61291 | Slime:5  | Gained mutation: You are dopey. (Int -2) [a shining eye]
 61351 | Slime:4  | Received a gift from Trog
 61533 | Slime:5  | Found a viscous altar of Jiyva.
 61534 | Slime:5  | Noticed the Royal Jelly
 61551 | Slime:5  | Killed the Royal Jelly
 61617 | Slime:5  | Identified the +7 quarterstaff of Wounding {vorpal, Stlth+}
 61655 | Slime:5  | Identified the ring "Jirrulytz" {rF+ rN+ rCorr}
 61696 | Slime:5  | Identified the +7 long sword of Sur Ligi {vorpal, +Blink
                  | SInv}
 61700 | Slime:5  | Identified the +1 ring mail of Slimy Mirth {rC+}
 61730 | Slime:5  | Got a slimy rune of Zot
 62632 | Vaults:5 | Entered Level 5 of the Vaults
 62952 | Vaults:5 | Lost mutation: You are dopey. (Int -2) [potion of mutation]
 62952 | Vaults:5 | Lost mutation: You tend to lose your temper in combat.
                  | [potion of mutation]
 62952 | Vaults:5 | Lost mutation: You are agile. (Dex +2) [potion of mutation]
 62952 | Vaults:5 | Gained mutation: Your magical capacity is low. (-10% MP)
                  | [potion of mutation]
 62952 | Vaults:5 | Gained mutation: You are somewhat resistant to further
                  | mutation. [potion of mutation]
 62952 | Vaults:5 | Gained mutation: Your mind is acute. (Int +2) [potion of
                  | mutation]
 63024 | Vaults:5 | Identified the +5 hand axe of Qickair {vamp, Contam Str+5}
 63105 | Vaults:5 | HP: 4/222 [titan/the air (21)]
 63450 | Vaults:5 | Paralysed by a sphinx for 5 turns
 63608 | Vaults:5 | Found Pur Atu's Jewellery Boutique.
 63862 | Vaults:5 | Identified the +6 short sword of Ash {freeze, rN+ Str-4
                  | Dex+4}
 63914 | Vaults:5 | Noticed a golden dragon
 63927 | Vaults:5 | Killed a golden dragon
 63945 | Vaults:5 | Reached skill level 24 in Fighting
 63977 | Vaults:5 | Noticed a dread lich
 63977 | Vaults:5 | Identified the amulet of the Water Diviner {RegenMP Regen+
                  | Str+2 Dex+4}
 63980 | Vaults:5 | Received a gift from Trog
 63989 | Vaults:5 | Killed a dread lich
 64005 | Vaults:5 | Reached XP level 23. HP: 34/229 MP: 2/20
 64013 | Vaults:5 | HP: 14/343 [red very ugly thing (5)]
 64018 | Vaults:5 | HP: 10/343 [burnt (1)]
 64027 | Vaults:5 | HP: 12/343 [shadow dragon (1)]
 64029 | Vaults:5 | Killed from afar by a shadow dragon

Illustrated notes

Levels and vault maps discovered:
D:1:      saegor_arrival_simple_b, layout_loops_cross, serial_shops,
          nicolae_shop_statue_plus, ebering_ecumenical_altar_webs,
          minmay_misc_feat_four_crosses, st_stairs_3, roderic_lattice_a
D:2:      layout_loops_ring, serial_shops, nicolae_square_shop
D:3:      layout_rooms
D:4:      layout_loops_ring, lemuel_doored_altar, serial_forest,
          infiniplex_forest_clump_long, infiniplex_forest_clump_C,
          infiniplex_forest_end_2, infiniplex_forest_lined_2,
          infiniplex_forest_clump_curved, infiniplex_forest_end_1,
          infiniplex_forest_pool, infiniplex_forest_clump_large
D:5:      layout_basic, mainiacjoe_overflow_small_starburst, uniq_blork_the_orc
D:6:      layout_cave_pods, eino_small_chamber_without_monster
D:7:      layout_basic, kennysheep_mini_moat, temple_hall, serial_park_tiny_2,
          hangedman_abyss_or_decor_passed, nrook_mini_vaults
D:8:      layout_loops_cross, old_standard_altar,
          lemuel_zombie_altar_yredelemnul, special_room [special_room_kobold],
          serial_shops, nicolae_diamond_shop, uniq_gastronok, uniq_joseph
D:9:      layout_cave_pools, david_orc_3, chequers_big_river
D:10:     layout_roguey, led_sif_book, enter_trove_5, serial_shops,
          nicolae_shop_bloodbath_and_beyond, uniq_snorg, uniq_josephine
D:11:     layout_roguey, dpeg_lair_monsters, ebering_ghost_reflecting_pool
D:12:     layout_grid_maze, evilmike_butchery, uniq_urug
D:13:     layout_basic, david_vaults_1
D:14:     layout_roguey, nicolae_lava_and_water, ice2_lemuel, uniq_roxanne,
          uniq_nessos
D:15:     grunt_enter_depths_magical_seal, layout_loops_corners, serial_shops,
          shop, portal_ice_cave_entry_pillars_three
Lair:1:   layout_hall_layers, gammafunk_ghost_split, uniq_fannar
Lair:2:   beast_lair_carwin_large_4, layout_cave_pods, elwin_shoals_entry_rooms,
          serial_bayou_shore_a
Lair:3:   layout_regular_city, basic_altar, lemuel_fruit_tree
Lair:4:   layout_regular_city, nicolae_spider_entry_orb_guardian,
          gauntlet_entry_generic, beast_lair_carwin_5, lemuel_fruit_fields,
          infiniplex_staircase_pool
Lair:5:   layout_cave_pods, minmay_slime_entry_pillars, special_room
          [special_room_mythical_zoo], eino_house_with_fridge
Lair:6:   minmay_lair_end_enchanted_forest, layout_hall_layers, st_stairs_3,
          lemuel_fruit_fields
Shoals:1: layout_shoals, serial_shops, nicolae_shop_advertising_works
          [nicolae_subvault_shop_adworks]
Shoals:2: layout_shoals, uniq_ilsuiw, uniq_aizul
Shoals:3: layout_shoals, nicolae_shop_unique_rings,
          amcnicky_altar_lugonu_corruption
Shoals:4: shoals_end_grunt_garden, layout_shoals, shoal_ilsuiw, serial_shops,
          nicolae_shop_overgrown_old_shop, nicolae_splish_splash,
          uniq_polyphemus
Spider:1: layout_chambers, ebering_ghost_xom,
          nicolae_spider_some_kinda_spiderbox, uniq_jorgrun, uniq_donald,
          uniq_rupert
Spider:2: layout_spider_delve, drop_trap
Spider:3: layout_spider_delve, uniq_louise, uniq_arachne
Spider:4: grunt_spider_rune_circles
Slime:1:  layout_caves, nicolae_slime_barrier
Slime:2:  layout_caves
Slime:3:  layout_caves, cheibrodos_slime_lost_civilization_6
Slime:4:  layout_caves
Slime:5
Orc:1:    layout_diamond_mine, basic_altar, bloody_makhleb
Orc:2:    pf_orc_diabolical, layout_caves, basic_altar
Elf:1:    minmay_elf_arrival_summoners, layout_loops_corners,
          minmay_elf_crystal_heptagon
Elf:2:    nicolae_elf_blades_crystal_corner, layout_geoelf_diagonals
Elf:3:    elf_hall, layout_gridlike, ebering_ghost_inner_flame, serial_shops,
          nicolae_shop_temple_entry_statues_fountains,
          nicolae_shop_hallway_plus, nicolae_lakefront_shop, shop,
          minmay_elf_necromancy
Vaults:1: v_rooms_5, v_rooms_6, ontoclasm_vaults_ring_large, v_pattern_5,
          v_misc_25, v_misc_29, v_alt_pattern_1, nicolae_vaults_asterisk,
          st_cells, ontoclasm_vaults_gateway, nicolae_vaults_network_s,
          grunt_vaults_hallway_short, layout_vaults_omnicross,
          serial_hangedman_research
Vaults:2: nicolae_vaults_windows_and_doors_thing,
          minmay_crypt_entry_simple_plaza, grunt_vaults_bifocal,
          v_alt_pattern_1, v_misc_3, vaults_dpeg_hooks,
          ontoclasm_vaults_shuriken, st_cross, grunt_vaults_swirl,
          vaults_mumra_hex, hangedman_vaults_nails, nicolae_vaults_angled_halls,
          vaults_room_fours, vaults_room_hallway, layout_vaults_omnibox,
          serial_shops, shop
Vaults:3: nicolae_vaults_network_periphery, v_misc_13, special_room_vaults
          [special_room_orc], vaults_room_pools, vaults_room_grid,
          nicolae_vaults_circle_grid_a, v_misc_18, v_misc_14,
          vaults_room_fancy_cross, vaults_dpeg_ring, ontoclasm_vaults_twist,
          hangedman_vaults_capsules, ontoclasm_vaults_decontamination,
          v_alt_pattern_2, v_rooms_3, grunt_vaults_focal,
          layout_vaults_maze_bifur
Vaults:4: nicolae_vaults_shelves_hall, v_misc_13, grunt_vaults_diagonal,
          vaults_mumra_hexcomb, ontoclasm_vaults_spin, v_misc_4,
          hangedman_vaults_pinch, v_misc_11, v_misc_10, layout_vaults_quadrants
Vaults:5

Skill      XL: |  1  2  3  4  5  6  7  8  9 10 11 12 13 14 15 16 17 18 19 20 21 22 |
---------------+-------------------------------------------------------------------+-----
Dodging        | 3 4 5 6 7 8 10 12 14 16 17 18 | 18.9
Maces & Flails | 4 5 6 7 9 12 14 15 16 | 16.0
Fighting       | 4 5 6 7 9 12 13 18 20 21 23 24 | 24.2
Shields        | 5 9 12 15 17 18 | 18.6
Throwing       | 2 3 5 8 11 12 14 | 14.6
Evocations     | 9 11 14 | 14.0
Slings         | 3 6 8 9 10 | 10.6
Stealth        | 4 5 |  5.0

Action                   |  1- 3 |  4- 6 |  7- 9 | 10-12 | 13-15 | 16-18 | 19-21 | 22-24 || total
-------------------------+-------+-------+-------+-------+-------+-------+-------+-------++-------
Melee: Mace              |   101 |    28 |       |       |       |       |       |       ||   129
       Tailslap          |    16 |    18 |    27 |    86 |   132 |   199 |   236 |   114 ||   828
       Morningstar       |       |    70 |   176 |   197 |       |       |       |     5 ||   448
       Eveningstar       |       |       |       |   252 |   701 |   941 |  1075 |   387 ||  3356
 Fire: Hunting sling     |       |       |       |    82 |   465 |   169 |       |       ||   716
       Fustibalus        |       |       |       |       |       |   200 |   620 |   187 ||  1007
Throw: Stone             |     8 |     3 |     4 |       |       |       |       |       ||    15
       Boomerang         |       |       |       |       |    33 |   409 |    83 |    16 ||   541
       Javelin           |       |       |       |       |    11 |    24 |    12 |    14 ||    61
       Dart              |       |       |       |       |       |     4 |       |       ||     4
       Throwing net      |       |       |       |       |       |     1 |       |       ||     1
Invok: Berserk           |     1 |     4 |     2 |     8 |    11 |    11 |     4 |     2 ||    43
       Brothers in Arms  |       |       |       |     2 |     4 |     6 |     2 |     6 ||    20
       Trog's Hand       |       |       |       |     1 |     5 |     7 |     7 |     6 ||    26
 Abil: Breathe Steam     |       |       |    20 |    22 |    43 |    25 |    33 |     3 ||   146
Evoke: Tin of tremorston |       |       |       |       |     4 |     1 |     7 |     4 ||    16
       Lightning rod     |       |       |       |       |     4 |       |       |     2 ||     6
       Condenser vane    |       |       |       |       |     1 |     3 |     1 |     3 ||     8
       Wand              |       |       |       |       |     1 |     3 |       |     3 ||     7
  Use: Potion            |     2 |       |       |       |     3 |     5 |     1 |     5 ||    16
       Scroll            |       |     8 |    12 |     8 |     6 |     6 |       |     2 ||    42
 Stab: Sleeping          |       |     1 |       |     1 |     4 |    10 |     9 |     2 ||    27
       Distracted        |       |       |       |       |     1 |     5 |     2 |       ||     8
       Held in net/web   |       |       |       |       |       |     4 |       |       ||     4
Armor: Skin              |    30 |    42 |    30 |    72 |    99 |   180 |   227 |    88 ||   768
Dodge: Dodged            |    73 |    86 |   133 |   214 |   268 |   647 |   503 |   268 ||  2192
Block: Kite shield       |       |       |       |   147 |   325 |   640 |   553 |   303 ||  1968

Table legend: (Time is in decaauts)
 A = Elapsed time spent in this place.
 B = Non-inter-level travel time spent in this place.
 C = Inter-level travel time spent in this place.
 D = Time resting spent in this place.
 E = Time spent auto-exploring this place.
 F = Levels seen in this place.
 G = Mean time per level.
                   A        B        C        D        E       F      G
               +--------+--------+--------+--------+--------+-----+--------+
         Total |  62770 |  57029 |   5741 |   7754 |  38424 |  49 | 1281.0 |
       Dungeon |  18261 |  16163 |   2098 |   1546 |  12122 |  15 | 1217.4 |
          Lair |   9046 |   7455 |   1591 |    618 |   5541 |   6 | 1507.7 |
        Shoals |   8225 |   7915 |    310 |   1517 |   5201 |   4 | 2056.2 |
   Spider Nest |   5627 |   5184 |    443 |    820 |   3494 |   4 | 1406.8 |
    Slime Pits |   1246 |   1180 |     66 |    347 |    186 |   5 |  249.2 |
  Orcish Mines |   3228 |   2846 |    382 |    857 |   1531 |   2 | 1614.0 |
   Elven Halls |   5042 |   4699 |    343 |    122 |   3661 |   3 | 1680.7 |
        Vaults |   9798 |   9293 |    505 |   1298 |   5861 |   5 | 1959.6 |
         Abyss |    443 |    443 |      0 |     58 |     40 |   2 |  221.5 |
         Trove |     60 |     60 |      0 |      0 |      0 |   1 |   60.0 |
      Ice Cave |   1131 |   1131 |      0 |    403 |    449 |   1 | 1131.0 |
      Gauntlet |    659 |    659 |      0 |    164 |    336 |   1 |  659.0 |
               +--------+--------+--------+--------+--------+-----+--------+

Top non-repeatable levels by time:
Shoals:2: 2896 daAuts
   Orc:2: 2727 daAuts
Vaults:1: 2652 daAuts
Vaults:2: 2286 daAuts
Shoals:3: 2284 daAuts
Spider:1: 1974 daAuts
Vaults:4: 1948 daAuts
   Elf:2: 1907 daAuts
  Lair:5: 1820 daAuts
Shoals:4: 1816 daAuts
   Elf:1: 1768 daAuts
  Lair:2: 1747 daAuts
Spider:4: 1733 daAuts
Vaults:3: 1652 daAuts
     D:8: 1621 daAuts
